 Dungeon Crawl Stone Soup version 0.22-a0-354-g30dfbe6 (webtiles) character file.

53 RoseArtemis the Chopper (level 3, 0/33 HPs)
             Began as a Hill Orc Monk on Apr 16, 2018.
             Slain by an adder (1 damage)
             ... on level 2 of the Dungeon.
             The game lasted 00:04:52 (1766 turns).

RoseArtemis the Chopper (Hill Orc Monk)             Turns: 1766, Time: 00:04:53

Health: 0/33       AC:  2    Str: 14    XL:     3   Next: 87%
Magic:  3/3        EV: 13    Int: 10    God:
Gold:   99         SH:  0    Dex: 13    Spells: 2/2 levels left

rFire    . . .     SeeInvis .   a - +0 war axe
rCold    . . .     Gourm    .   (no shield)
rNeg     . . .     Faith    .   b - +0 robe
rPois    .         Spirit   .   (no helmet)
rElec    .         Reflect  .   (no cloak)
rCorr    .         Harm     .   (no gloves)
MR       .....                  (no boots)
Stlth    ++........             (no amulet)
HPRegen  0.11/turn              (no ring)
MPRegen  0.08/turn              (no ring)

@: lethally poisoned (0 -> -2)
A: no striking features
a: no special abilities


You were on level 2 of the Dungeon.
You were not hungry.

You visited 1 branch of the dungeon, and saw 2 of its levels.

You collected 99 gold pieces.

Inventory:

Hand Weapons
 a - a +0 war axe (weapon)
Missiles
 g - 2 javelins of returning (quivered)
Armour
 b - a +0 robe (worn)
Jewellery
 e - an uncursed amulet of the gourmand {unknown}
Scrolls
 d - a scroll of fog {unknown}
 f - 3 scrolls of remove curse {unknown}
 k - a scroll of identify {unknown}
Potions
 h - a potion of magic {unknown}
 i - a potion of lignification {unknown}
 j - a potion of curing {unknown}
 l - a potion of brilliance {unknown}
Comestibles
 c - 4 rations


   Skills:
 + Level 4.1 Fighting
 * Level 5.0 Axes
 + Level 1.3 Armour
 + Level 2.7 Dodging
 - Level 1.6 Stealth


You had 2 spell levels left.
You didn't know any spells.

Dungeon Overview and Level Annotations

Branches:
Dungeon (2/15)

Altars:


Message History

You closely miss the adder. The adder bites you. x2
You hit the adder.
The adder is moderately wounded.
You feel sick. The adder bites you.
* * * LOW HITPOINT WARNING * * *
You closely miss the adder.
The adder is moderately wounded.
You feel sick. The adder bites you.
* * * LOW HITPOINT WARNING * * *
The adder completely misses you. The adder bites you but does no damage.
* * * LOW HITPOINT WARNING * * *
You feel sick. The adder bites you.
* * * LOW HITPOINT WARNING * * *
You barely miss the adder.
The adder is moderately wounded.
* * * LOW HITPOINT WARNING * * *
You feel sick. The adder bites you.
You die...

#.#.##.# #.## #
##......# ....#
..).l###### #.......#
...# #.##.......
#.##.##.# ...#
........ #.##.# .# ..#
#......< #....# .# ..#
#.#####.
#..####.######.# #.
#............#.# #.
##.###.#####.#@# #.
#.# #.#####.#S### # #.
#.###.##........##.#.
######.
#........#..#........#
#......
#####.####..#.#.##....
..####.
#.......#......## #..
######.####.##.# #...
#.# .# # ..>.## #.. .#
.(... .


You could see an adder.

Vanquished Creatures
  A gnoll (D:1)
  2 dart slugs
  A leopard gecko (D:2)
  2 giant cockroaches
  6 goblins
  6 hobgoblins
  A quokka (D:2)
  4 bats
  4 frilled lizards
  4 kobolds
  7 rats
38 creatures vanquished.

Notes
Turn   | Place    | Note
-------+----------+-------------------------------------------
     0 | D:1      | RoseArtemis the Hill Orc Monk began the quest for the Orb.
     0 | D:1      | Reached XP level 1. HP: 19/19 MP: 1/1
   286 | D:1      | Reached XP level 2. HP: 27/27 MP: 2/2
   667 | D:1      | HP: 1/27 [gnoll/club (9)]
   668 | D:1      | Reached skill level 1 in Armour
   668 | D:1      | Reached XP level 3. HP: 1/33 MP: 3/3
  1702 | D:2      | Reached skill level 5 in Axes
  1766 | D:2      | HP: 1/33 [poisoned by an adder]
  1766 | D:2      | Slain by an adder

Vault maps used:
D:1:      sevenhm_arrival_forest_fort_small_4
D:2:      first_ration, minmay_split_cup_small

Skill      XL: |  1  2  3 |
---------------+----------+-----
Fighting       | 4 |  4.1
Armour         | 1 |  1.3
Axes           | 5 |  5.0
Dodging        | |  2.7
Stealth        | |  1.6

Action                   || total
-------------------------++-------
Melee: Hand axe          ||   116
       War axe           ||    15
Throw: Javelin           ||     2
 Stab: Sleeping          ||     2
  Eat: Chunk             ||     3
Armor: Robe              ||    19
Dodge: Dodged            ||    88

Table legend:
 A = Spawn XP
 B = Non-spawn XP
 C = Spawn XP percentage of total XP
 D = Spawn monster count
 E = Non-spawn monster count
 F = Spawn count percentage of total count
 G = Total turns spent on level
                    A         B        C        D         E        F      G
               +---------+---------+-------+---------+---------+-------+---------
         Total |       0 |      76 |   0.0 |       0 |      38 |   0.0 |  1766
               +---------+---------+-------+---------+---------+-------+---------
           D:1 |       0 |      45 |   0.0 |       0 |      21 |   0.0 |  1265
           D:2 |       0 |      31 |   0.0 |       0 |      17 |   0.0 |   501
               +---------+---------+-------+---------+---------+-------+---------
